 Dungeon Crawl Stone Soup version 0.24.0-125-gc4c63601f3 (webtiles) character file.

Game seed: 6891713349205041068, levelgen mode: deterministic

9858 Mehrunes the Nimble (level 11, -3/62 HPs)
             Began as a Deep Elf Fire Elementalist on Mar 18, 2020.
             Was an Elder of Sif Muna.
             Killed by divine providence
             ... invoked by an orc priest
              (16 damage)
             ... on level 10 of the Dungeon.
             The game lasted 00:35:15 (13261 turns).

Mehrunes the Nimble (Deep Elf Fire Elementalist)   Turns: 13261, Time: 00:35:15

Health: -3/62      AC:  4    Str:  5    XL:     11   Next: 28%
Magic:  20/27      EV: 21    Int: 24    God:    Sif Muna [****..]
Gold:   549        SH:  0    Dex: 15    Spells: 17/30 levels left

rFire    + . .     SeeInvis .   H - +8 flail of the Elven Halls {crush, +Fly rElec}
rCold    x . .     Gourm    .   (no shield)
rNeg     . . .     Faith    .   a - +0 robe
rPois    .         Spirit   .   w - +0 hat
rElec    +         Reflect  .   K - +0 cloak
rCorr    .         Harm     .   F - +0 pair of gloves
MR       +....                  (no boots)
Stlth    ++........             (no amulet)
HPRegen  0.20/turn              b - ring of wizardry
MPRegen  0.20/turn              L - ring of fire

@: studying Dodging
A: no striking features
a: Channel Magic, Forget Spell, Divine Exegesis, Renounce Religion, Evoke Flight


You were on level 10 of the Dungeon.
You worshipped Sif Muna.
Sif Muna was greatly pleased with you.
You were hungry.

You visited 1 branch of the dungeon, and saw 10 of its levels.

You collected 549 gold pieces.

Inventory:

Hand Weapons
 f - a cursed +0 club
 l - a +0 dagger of speed
 G - a +0 dire flail of holy wrath
 H - the +8 flail of the Elven Halls (weapon) {crush, +Fly rElec}
   (You found it on level 7 of the Dungeon)

   It inflicts extra damage upon your enemies.
   It insulates you from electricity.
   It lets you fly.
 N - a +4 short sword of freezing
 O - a +2 falchion of electrocution
 R - a cursed +4 trident of freezing
Missiles
 x - 5 curare-tipped darts (quivered)
Armour
 a - a +0 robe (worn)
 e - a +0 helmet
 w - a +0 hat (worn)
 F - a +0 pair of gloves (worn)
 K - a +0 cloak (worn)
Jewellery
 b - a ring of wizardry (left hand)
 s - an uncursed ring of protection from magic
 D - the ring "Wuoczou" {Ice Str+2 Dex+3}
   (You found it on level 4 of the Dungeon)

   [ring of ice]

   It enhances your ice magic.
   It affects your strength (+2).
   It affects your dexterity (+3).
   It makes you vulnerable to fire.
   It protects you from cold.
 L - a ring of fire (right hand)
Wands
 y - a wand of random effects (31)
 E - a wand of polymorph (9)
 I - a wand of digging (4)
Scrolls
 g - 3 scrolls of random uselessness {unknown}
 i - 3 scrolls of amnesia {unknown}
 j - 10 scrolls of remove curse {unknown}
 o - 11 scrolls of teleportation {unknown}
 p - 12 scrolls of identify {unknown}
 r - 7 scrolls of enchant weapon {unknown}
 B - 2 scrolls of enchant armour {unknown}
 M - 2 scrolls of immolation {unknown}
 P - a scroll of acquirement {unknown}
 S - a scroll of blinking {unknown}
Potions
 d - a potion of berserk rage {unknown}
 h - 3 potions of ambrosia {unknown}
 k - a potion of haste {unknown}
 m - a potion of agility {unknown}
 n - 2 potions of heal wounds {unknown}
 q - a potion of brilliance {unknown}
 t - a potion of might {unknown}
 u - 7 potions of curing {unknown}
 v - a potion of flight {unknown}
 z - 2 potions of magic {unknown}
 A - 4 potions of lignification {unknown}
 C - 2 potions of cancellation {unknown}
 J - a potion of mutation {unknown}
Books
 Q - a manual of Dodging
Comestibles
 c - 21 rations
 T - 8 chunks of flesh


   Skills:
 - Level 4.9 Fighting
 * Level 12.7 Dodging
 - Level 2.4 Stealth
 + Level 10.4 Spellcasting
 - Level 6.7 Conjurations
 - Level 7.5 Fire Magic
 - Level 7.0 Invocations


You had 17 spell levels left.
You knew the following spells:

 Your Spells              Type           Power        Failure   Level  Hunger
a - Flame Tongue          Conj/Fire      #####        1%          1    None
b - Conjure Flame         Conj/Fire      ######..     1%          3    None
c - Sticky Flame          Conj/Fire      ######..     1%          4    #......
d - Fireball              Conj/Fire      ######....   3%          5    ####...

Your spell library contained the following spells:

 Spells                   Type           Power        Failure   Level  Hunger
 Beastly Appendage        Tmut           ##....       1%          1    None
 Corona                   Hex            ##.....      1%          1    None
 Throw Flame              Conj/Fire      ######       1%          2    None
 Inner Flame              Hex/Fire       #####...     1%          3    None
 Slow                     Hex            ##......     3%          2    None
 Sticks to Snakes         Tmut           ##......     3%          2    None
 Portal Projectile        Hex/Tloc       ##....       6%          3    None
 Spider Form              Tmut/Pois      ##........   6%          3    None
 Cause Fear               Hex            ##........   21%         4    #......
 Ice Form                 Ice/Tmut       ##......     21%         4    #......
 Leda's Liquefaction      Hex/Erth       ##........   21%         4    #......
 Blade Hands              Tmut           ##........   45%         5    ####...
 Malign Gateway           Summ/Tloc      ##........   100%        7    #######
 Monstrous Menagerie      Summ           ##........   100%        7    #######
 Summon Greater Demon     Summ           ##........   100%        7    #######
 Summon Horrible Things   Summ           ##........   100%        8    #######


Dungeon Overview and Level Annotations

Branches:
Dungeon (10/15)            Temple (0/1) D:4            Lair (0/6) D:10
    Orc (0/2) D:10

Altars:
Dithmenos
Qazlal
Ru
Sif Muna
Wu Jian
Xom
Yredelemnul
The Shining One

Annotations:
D:9 1 runed translucent door, ttag's ghost, journeyman MiBe


Message History

Okay, then.
The orc priest looks encouraged for a moment.
Items here: $ ) ? [ a +0 battleaxe; a +0 chain mail; 3 scrolls labeled LYQUCU DYTO; 35 gold pieces
Casting: Sticky Flame (safe; 1% risk of failure)
Confirm with . or Enter, or press ? or * to list all spells.
Aiming: Sticky Flame (safe; 1% risk of failure)
Press: ? - help, Shift-Dir - straight line, f - orc priest
Aim: an orc priest, wielding a +0 club You feel a surge of power!
The sticky flame hits the orc priest.
The orc priest is moderately wounded.
The orc priest is covered in liquid flames!
The orc priest burns!
The orc misses you.
The orc priest calls down the wrath of Beogh upon you.
Beogh smites you!
* * * LOW HITPOINT WARNING * * *
The orc priest burns!
The orc priest mumbles some strange prayers to Beogh against you.
Beogh smites you!
You die...

#..#^#.#.##.#.#.# +
#..#.#.o..........#
#..#.###o.>.#.#.###
#..#....o...)...# #
###........)..#..####
#...Z........o#..###.
#.########.#....#.
#o### ###.##.....
#@o.# #...####.#.
#.#.####)### ##.#.
#..#.......###....
###>####.......#..
#.# #...###...# %.#
#.### ##.## ##. #.#
##.## #. #.# ##...#
#. #.####.....


You could see an orc priest (burning), an orc and a centaur warrior zombie.

Vanquished Creatures
  A two-headed ogre (D:9)
  Pikel (D:6)
  The ghost of ttag the Carver, a novice MiFi of Gozag (D:7)
  An ice statue (D:9)
  A kobold demonologist (D:9)
  6 ice devils (D:9)
  A hippogriff (D:8)
  Sigmund (D:6)
  5 orc warriors
  2 black bears (D:8)
  4 sky beasts
  5 ice beasts
  6 phantoms
  3 centaurs
  6 ogres
  4 bullfrogs
  A wyvern zombie (D:9)
  A scorpion (D:7)
  6 killer bees (D:10)
  8 wights
  6 howler monkeys
  2 crimson imps
  A centaur zombie (D:9)
  A quasit (D:7)
  6 hounds
  4 orc priests
  A bullfrog skeleton (D:9)
  A gnoll shaman (D:10)
  4 jellies (D:8)
  9 orc wizards
  2 centaur skeletons
  6 iguanas
  Natasha (thrice) (D:3)
  6 worker ants
  A hound zombie (D:10)
  A howler monkey zombie (D:5)
  A worker ant zombie (D:7)
  12 gnolls
  3 adders
  A hound simulacrum (D:7)
  3 shadow imps
  4 white imps (D:7)
  A worker ant simulacrum (D:7)
  6 ufetubi (D:9)
  9 oozes
  An adder zombie (D:5)
  5 worms
  A dart slug (D:2)
  4 leopard geckos
  39 orcs
  7 giant cockroaches
  14 hobgoblins
  20 jackals
  13 kobolds
  6 quokkas
  4 ball pythons
  9 bats
  6 frilled lizards
  9 goblins
  A jackal skeleton (D:4)
  A leopard gecko zombie (D:5)
  9 rats
307 creatures vanquished.

Vanquished Creatures (others)
  3 gnolls (D:6)
  A shadow imp (D:6)
  2 orcs (D:6)
  4 plants (D:10)
10 creatures vanquished.

Grand Total: 317 creatures vanquished

Notes
Turn   | Place    | Note
-------+----------+-------------------------------------------
     0 | D:1      | Mehrunes the Deep Elf Fire Elementalist began the quest for
                  | the Orb.
     0 | D:1      | Reached XP level 1. HP: 10/10 MP: 6/6
   204 | D:1      | Reached XP level 2. HP: 15/15 MP: 6/8
   999 | D:1      | Reached XP level 3. HP: 19/19 MP: 2/9
  1059 | D:1      | Learned a level 3 spell: Conjure Flame
  1259 | D:2      | Found a stormy altar of Qazlal.
  1687 | D:2      | Found a shadowy altar of Dithmenos.
  1884 | D:2      | Found a shimmering altar of Xom.
  1944 | D:2      | Noticed a sky beast
  1958 | D:2      | Killed a sky beast
  1958 | D:2      | Reached skill level 5 in Fire Magic
  1958 | D:2      | Reached XP level 4. HP: 24/24 MP: 0/10
  1958 | D:2      | Reached XP level 5. HP: 28/28 MP: 0/11
  2057 | D:2      | Learned a level 4 spell: Sticky Flame
  2197 | D:3      | Found a shimmering blue altar of Sif Muna.
  2198 | D:3      | Found an ornate altar of the Wu Jian Council.
  2203 | D:3      | Became a worshipper of Sif Muna the Loreminder
  3148 | D:3      | Reached * piety under Sif Muna
  3546 | D:3      | Noticed Natasha
  3552 | D:3      | Killed Natasha
  3552 | D:3      | Reached XP level 6. HP: 17/32 MP: 7/13
  3687 | D:3      | Noticed Natasha
  3694 | D:3      | Killed Natasha
  3883 | D:3      | Noticed Natasha
  3891 | D:3      | Killed Natasha
  3969 | D:4      | Reached skill level 5 in Conjurations
  4056 | D:4      | Found a shadowy altar of Dithmenos.
  4260 | D:4      | Learned a level 5 spell: Fireball
  4373 | D:4      | Reached XP level 7. HP: 20/36 MP: 9/15
  4559 | D:4      | Got a scorched steel ring
  4563 | D:4      | Identified the ring "Wuoczou" {Ice Str+2 Dex+3} (You found
                  | it on level 4 of the Dungeon)
  4596 | D:4      | Found a staircase to the Ecumenical Temple.
  4935 | D:4      | Reached ** piety under Sif Muna
  5325 | D:5      | Entered Level 5 of the Dungeon
  5732 | D:5      | Reached skill level 1 in Fighting
  5732 | D:5      | Reached skill level 3 in Dodging
  5732 | D:5      | Reached XP level 8. HP: 43/43 MP: 6/16
  6311 | D:5      | Reached skill level 4 in Dodging
  6311 | D:5      | Reached skill level 5 in Spellcasting
  6925 | D:6      | Reached skill level 5 in Dodging
  7084 | D:6      | Noticed Pikel
  7102 | D:6      | Killed Pikel
  7102 | D:6      | Reached skill level 6 in Dodging
  7102 | D:6      | Reached XP level 9. HP: 52/52 MP: 5/20
  7225 | D:6      | Noticed Sigmund
  7230 | D:6      | Killed Sigmund
  7614 | D:6      | Reached *** piety under Sif Muna
  7614 | D:6      | Reached skill level 7 in Dodging
  8435 | D:7      | Got a brightly glowing flail
  8436 | D:7      | Identified the +8 flail of the Elven Halls {crush, +Fly
                  | rElec} (You found it on level 7 of the Dungeon)
  8592 | D:7      | Reached skill level 1 in Invocations
  8627 | D:7      | Found a sacrificial altar of Ru.
  8649 | D:7      | Found a runed translucent gate.
  8649 | D:7      | Found a runed translucent gate.
  8650 | D:7      | Found a runed translucent gate.
  8792 | D:7      | Reached skill level 8 in Dodging
  8841 | D:7      | Noticed ttag's ghost (novice MiFi)
  8934 | D:7      | Killed ttag's ghost
  9315 | D:7      | Reached XP level 10. HP: 58/58 MP: 11/23
  9745 | D:7      | Reached skill level 9 in Dodging
 10794 | D:8      | Reached **** piety under Sif Muna
 11028 | D:9      | Found a flagged portal.
 11031 | D:9      | Noticed a two-headed ogre
 11052 | D:8      | Reached skill level 5 in Invocations
 11352 | D:9      | Reached skill level 10 in Dodging
 11414 | D:9      | Killed a two-headed ogre
 11678 | D:9      | Reached skill level 11 in Dodging
 11804 | D:9      | Noticed an ice statue
 11832 | D:9      | Killed an ice statue
 11837 | D:9      | Reached XP level 11. HP: 62/62 MP: 1/26
 12196 | D:9      | Reached skill level 10 in Spellcasting
 12394 | D:9      | Found a glowing golden altar of the Shining One.
 12402 | D:9      | Found a runed translucent door.
 12402 | D:9      | Found a shimmering altar of Xom.
 12402 | D:9      | Noticed a +0 scimitar of chaos
 12402 | D:9      | Noticed ttag's ghost (journeyman MiBe)
 12534 | D:9      | Found a basalt altar of Yredelemnul.
 12569 | D:10     | Entered Level 10 of the Dungeon
 12778 | D:10     | Reached skill level 12 in Dodging
 12983 | D:10     | Found a staircase to the Lair.
 13176 | D:10     | Found a staircase to the Orcish Mines.
 13261 | D:10     | Killed from afar by an orc priest

Levels and vault maps discovered:
D:1:      dpeg_arrival_water_fire, layout_loops_ring
D:2:      layout_basic, nicolae_overflow_crystal_walls, lemuel_crystal_altar,
          grunt_dithmenos_smoke_and_mirrors
D:3:      corexii_shack_village, layout_basic, gammafunk_temple_overflow_statue,
          first_ration, uniq_natasha
D:4:      layout_basic, old_standard_altar, minmay_temple_entry_glass
D:5:      layout_cave_pools
D:6:      minmay_skewed_foursquare, layout_basic, uniq_pikel, uniq_sigmund
D:7:      layout_basic, nicolae_overflow_hidden_temple,
          nicolae_ru_the_path_less_chosen, gammafunk_ghost_icy
D:8:      layout_loops_ring, hangedman_little_slice_of_home,
          nrook_mini_backslash
D:9:      cheibrodos_frozen_isle, layout_cross, grunt_temple_overflow_holy_war,
          enter_bailey_6, ebering_ghost_xom, minmay_diamond_spiral
D:10:     layout_loops_ring, david_lair_shrubbed, kennysheep_generic_room_8

Skill      XL: |  1  2  3  4  5  6  7  8  9 10 11 |
---------------+----------------------------------+-----
Conjurations   | 2 3 4 5 6 |  6.7
Fire Magic     | 4 5 6 7 |  7.5
Spellcasting   | 4 6 7 9 10 | 10.4
Fighting       | 1 3 4 |  4.9
Dodging        | 3 6 8 11 12 | 12.7
Invocations    | 3 6 7 |  7.0
Stealth        | |  2.4

Action                   |  1- 3 |  4- 6 |  7- 9 | 10-12 || total
-------------------------+-------+-------+-------+-------++-------
Melee: Dagger            |     2 |       |    25 |       ||    27
       Dire flail        |       |       |    12 |       ||    12
       Flail             |       |       |     2 |    11 ||    13
 Cast: Flame Tongue      |    81 |   111 |   281 |   273 ||   746
       Conjure Flame     |     1 |     3 |    16 |    16 ||    36
       Sticky Flame      |       |     2 |     2 |    11 ||    15
       Fireball          |       |       |    10 |    23 ||    33
Invok: Channel Magic     |       |       |       |     5 ||     5
 Abil: Evoke Flight      |       |       |       |     1 ||     1
  Eat: Chunk             |     2 |     9 |    17 |    11 ||    39
       Ration            |       |       |       |     2 ||     2
Armor: Robe              |     6 |     1 |    15 |    17 ||    39
Dodge: Dodged            |    20 |    21 |   102 |   103 ||   246
